Map: Mech Depot LE

Players

Jig

  • Race: Zerg Zerg
  • Spawn Location: 1:00

Probe - Winner!

  • Race: Protoss Protoss
  • Spawn Location: 7:00

Event: WCS Montreal 2017

VOD

Have the link to the VOD?

Description

Time

  • Played on: Sept. 8, 2017, 6:18 p.m.
  • Length: 7:32

All games in this series

Show
View Real Time Build Order
Export as new Build Order

Jig Zerg 

Build Orders: Hatch First 

Get SALT Encoding   

  12  0:00  Drone  
  13  0:12  Overlord  
  13  0:16  Drone  
  14  0:30  Drone x2  
  14  0:35  Drone  
  17  0:50  Hatchery  
  17  0:55  Extractor  
  17  0:56  Drone  
  16  1:00  Drone  
  17  1:13  Spawning Pool  
  17  1:16  Drone  
  17  1:19  Drone  
  18  1:27  Drone  
  19  1:37  Overlord  
  19  1:48  Drone  
  20  2:00  Queen, Zergling x2  
  23  2:02  Metabolic Boost  
  23  2:05  Zergling x2  
  24  2:08  Queen  
  24  2:14  Drone  
  27  2:15  Drone  
  27  2:21  Drone  
  29  2:25  Drone  
  30  2:41  Hatchery  
  30  2:43  Drone  
  30  2:48  Drone x2  
  32  2:53  Overlord  
  32  2:56  Drone  
  33  2:59  Drone  
  33  3:04  Drone, Evolution Chamber  
  34  3:07  Drone  
  35  3:15  Overlord  
  35  3:17  Drone  
  35  3:19  Pneumatized Carapace  
  36  3:28  Overlord  
  36  3:30  Zerg Melee Weapons Level 1  
  36  3:35  Zergling x4  
  36  3:37  Drone x2  
  36  3:38  Drone  
  41  3:41  Drone  
  41  3:46  Overlord  
  42  3:51  Drone x4  
  46  3:57  Drone x2  
  46  3:58  Drone x2  
  50  4:07  Queen  
  50  4:09  Queen  
  54  4:16  Spore Crawler  
  53  4:19  Drone  
  53  4:20  Spore Crawler  
  53  4:22  Queen  
  53  4:47  Drone x3  
  53  4:48  Drone  
  53  4:52  Lair  
  56  4:57  Overlord  
  56  4:58  Zergling x18  
  65  5:00  Spore Crawler  
  65  5:01  Overlord  
  65  5:03  Overlord  
  65  5:05  Zergling x2  
  65  5:08  Overlord  
  61  5:20  Drone x5  
  56  5:25  Drone x4  
  56  5:26  Drone x3  
  63  5:29  Drone x2  
  64  5:36  Overlord  
  64  5:43  Drone x2  
  64  5:47  Overlord  
  66  5:50  Hydralisk Den, Drone x2  
  66  5:52  Extractor  
  66  5:53  Extractor  
  66  5:55  Overlord  
  65  5:58  Overlord  
  65  6:02  Drone x4  
  69  6:08  Extractor, Overlord  
  67  6:20  Hatchery  
  65  6:27  Zergling x10  
  65  6:28  Zergling x12  
  74  6:34  Overlord  
  74  6:44  Hydralisk x2  
  74  6:54  Overlord  
  74  6:55  Hydralisk  
Show
View Real Time Build Order
Export as new Build Order

Probe Protoss - Winner!

Build Orders: 1 Gate Expand, Zealot Archon, Archon Drop, Dark Templar Rush 

Get SALT Encoding   

  12  0:01  Probe (Chrono Boost)  
  13  0:11  Probe (Chrono Boost)  
  14  0:19  Pylon  
  14  0:22  Probe (Chrono Boost)  
  15  0:37  Probe (Chrono Boost)  
  15  0:40  Gateway  
  16  0:44  Assimilator  
  16  0:47  Probe (Chrono Boost)  
  17  0:58  Probe (Chrono Boost)  
  18  1:08  Probe (Chrono Boost)  
  19  1:20  Nexus  
  19  1:23  Probe (Chrono Boost)  
  20  1:34  Cybernetics Core  
  20  1:37  Probe (Chrono Boost)  
  21  1:44  Assimilator  
  21  1:47  Probe (Chrono Boost)  
  21  1:51  Pylon  
  22  1:58  Probe (Chrono Boost)  
  23  2:09  Probe (Chrono Boost)  
  23  2:10  Stalker (Chrono Boost), Warp Gate  
  26  2:21  Probe  
  27  2:31  Mothership Core (Chrono Boost)  
  27  2:33  Probe (Chrono Boost)  
  27  2:36  Adept (Chrono Boost)  
  32  2:45  Probe (Chrono Boost)  
  32  2:51  Probe (Chrono Boost)  
  34  2:53  Twilight Council  
  34  2:56  Probe (Chrono Boost)  
  35  3:01  Probe (Chrono Boost)  
  36  3:06  Probe (Chrono Boost)  
  36  3:10  Robotics Facility  
  36  3:12  Probe (Chrono Boost)  
  38  3:17  Probe (Chrono Boost)  
  41  3:20  Pylon  
  41  3:22  Probe (Chrono Boost)  
  40  3:27  Probe (Chrono Boost)  
  40  3:33  Probe (Chrono Boost)  
  42  3:38  Probe (Chrono Boost)  
  42  3:39  Dark Shrine  
  43  3:43  Probe (Chrono Boost)  
  45  3:48  Probe (Chrono Boost), Gateway  
  45  3:50  Gateway  
  45  3:51  Gateway  
  46  3:58  Warp Prism (Chrono Boost)  
  47  4:02  Assimilator  
  47  4:04  Assimilator  
  47  4:06  Probe  
  47  4:07  Pylon  
  47  4:09  Probe  
  49  4:16  Probe  
  49  4:17  Pylon  
  49  4:21  Probe  
  51  4:27  Probe, Adept  
  52  4:32  Warp Prism (Chrono Boost)  
  52  4:33  Probe  
  55  4:41  Probe  
  53  4:49  Probe  
  53  4:51  Probe  
  54  4:58  Dark Templar x4  
  63  5:02  Probe  
  63  5:03  Probe  
  65  5:13  Probe  
  65  5:15  Probe  
  67  5:23  Probe  
  67  5:27  Probe  
  67  5:32  Nexus  
  67  5:34  Probe  
  67  5:35  Pylon  
  67  5:38  Archon x2  
  68  5:46  Dark Templar  
  68  5:49  Pylon  
  70  5:51  Pylon  
  70  5:53  Probe, Dark Templar x3  
  70  5:55  Probe  
  78  5:59  Archon  
  78  6:00  Archon  
  78  6:06  Probe  
  78  6:08  Probe  
  78  6:10  Pylon  
  75  6:23  Adept  
  75  6:27  Probe  
  75  6:29  Probe  
  76  6:34  Observer (Chrono Boost)  
  76  6:38  Probe  
  78  6:41  Probe  
  78  6:42  Zealot  
  78  6:43  Zealot x2  
  78  6:44  Probe  
  86  6:48  Probe  
  86  6:53  Probe  
  88  6:55  Probe  
  88  6:59  Probe  
  90  7:05  Probe x2, Zealot x4  
  100  7:09  Probe  
  99  7:16  Probe  
  99  7:17  Probe  
  99  7:28  Zealot x4  
Tags
 
Add a new tag
Caveats
  • Supply blocks, unpowered buildings, or Contaminate may cause inaccurate times.
  • Supply counts are checked every 10 seconds.